 Dungeon Crawl Stone Soup version 0.29.1-13-g9f3cf754e1 (webtiles) character file.

Game seed: 2860543945836501701

311 Peloso the Covered (level 6, -1/56 HPs)
             Began as a Minotaur Fighter on Jan 22, 2023.
             Blown up by Ijyb (16 damage)
             ... with a mindburst bolt
             ... on level 3 of the Dungeon.
             The game lasted 00:02:48 (2233 turns).

Peloso the Covered (Minotaur Fighter)               Turns: 2233, Time: 00:02:49

Health: -1/56      AC: 10    Str: 26    XL:     6   Next: 18%
Magic:  5/5        EV:  9    Int:  5    God:
Gold:   156        SH:  5    Dex: 12    Spells: 5/5 levels left

rFire   . . .      SeeInvis .   a - +0 long sword
rCold   . . .      Faith    .   c - +0 buckler
rNeg    . . .      Spirit   .   b - +0 scale mail
rPois   .          Reflect  .   h - +1 hat
rElec   .          Harm     .   n - +0 cloak
rCorr   .          Rampage  .   m - +0 pair of gloves
Will    .....                   (no boots)
Stlth   ..........              (no amulet)
HPRegen 0.18/turn               g - +6 ring of strength
MPRegen 0.09/turn               (no ring)

@: no status effects
A: horns 2, retaliatory headbutt
a: no special abilities


You were on level 3 of the Dungeon.
You visited 1 branch of the dungeon, and saw 3 of its levels.

You collected 156 gold pieces.

Inventory:

Hand Weapons
 a - a +0 long sword (weapon)
Armour
 b - a +0 scale mail (worn)
 c - a +0 buckler (worn)
 h - a +1 hat (worn)
 m - a +0 pair of gloves (worn)
 n - a +0 cloak (worn)
Jewellery
 g - a +6 ring of strength (left hand)
 i - an amulet of guardian spirit
Wands
 j - a wand of light (5)
 l - a wand of flame (14)
Scrolls
 o - a scroll of identify {unknown}
Potions
 d - a potion of might
 e - 2 potions of berserk rage {unknown}
 f - a potion of heal wounds
 k - a potion of resistance {unknown}


   Skills:
 + Level 5.0 Fighting
 + Level 4.8 Long Blades
 + Level 5.1 Armour
 + Level 0.4 Dodging
 + Level 5.0 Shields


You had 5 spell levels left.
You didn't know any spells.
Your spell library was empty.

Dungeon Overview and Level Annotations

Branches:
Dungeon (3/15)

Altars:

Annotations:
D:3 Ijyb


Innate Abilities, Weirdness & Mutations

You have a pair of horns on your head.
You reflexively headbutt those who attack you in melee.


Message History

You feel sick.
You feel sick.
You see here a +2 dagger of venom.
An endoplasm comes into view.
You feel sick.
The endoplasm quivers.
You see here the felid corpse of Natasha.
You hit Ijyb. Your headbutt misses Ijyb.
Ijyb is lightly wounded.
You feel sick.
Ijyb zaps a wand.
Your mind is blasted!
You hit Ijyb but do no damage. Your headbutt misses Ijyb.
Ijyb is lightly wounded.
You feel sick.
Ijyb zaps a wand.
You barely resist. You closely miss Ijyb. Your headbutt misses Ijyb.
Ijyb is lightly wounded.
You feel sick.
You are no longer poisoned.
Ijyb zaps a wand.
Your mind is blasted!
You slash Ijyb!
Ijyb is heavily wounded.
Ijyb drinks a potion.
Ijyb is healed!
You block Ijyb's attack.
You hit Ijyb but do no damage. Your headbutt misses Ijyb.
Ijyb is lightly wounded.
The endoplasm freezes you.
You are frozen.
Ijyb screams, "It's all mine!"
Ijyb zaps a wand.
You barely resist. You hit Ijyb but do no damage.
Ijyb is lightly wounded.
Ijyb hits you but does no damage. The endoplasm freezes you.
You are frozen.
You closely miss Ijyb. Your headbutt misses Ijyb.
Ijyb is lightly wounded.
You block the endoplasm's attack. Ijyb hits you with a +0 club.
* * * LOW HITPOINT WARNING * * *
You barely miss Ijyb.
Ijyb is lightly wounded.
Ijyb zaps a wand.
Your mind is blasted!
You die...

#.# .##
#.####..#
#........
#........
#.####.....?..
#.............
### #........
#<# #gJ......
#.# #@#######
#.# #)# #.#
#.###### #.#
#......# #.#
#......#
#.#####......#
#............#
#######......#
#......#


You could see Ijyb and an endoplasm.

Vanquished Creatures
  Sigmund (D:2)
  Crazy Yiuf (D:2)
  An orc priest (D:2)
  Jessica (D:2)
  Natasha (D:3)
  4 orcs (D:2)
  2 ball pythons (D:1)
  2 bats
  6 endoplasms
  A giant cockroach (D:1)
  2 goblins
  2 jackals (D:2)
  4 kobolds
  2 quokkas (D:1)
  5 frilled lizards
  7 rats
42 creatures vanquished.

Notes
Turn   | Place    | Note
-------+----------+-------------------------------------------
     0 | D:1      | Peloso the Minotaur Fighter began the quest for the Orb.
     0 | D:1      | Reached XP level 1. HP: 19/19 MP: 0/0
   379 | D:1      | Reached XP level 2. HP: 27/27 MP: 1/1
  1029 | D:2      | Noticed Sigmund
  1037 | D:2      | Killed Sigmund
  1038 | D:2      | Reached XP level 3. HP: 23/34 MP: 2/2
  1038 | D:2      | Reached XP level 4. HP: 28/41 MP: 3/3
  1038 | D:2      | Reached XP level 5. HP: 32/47 MP: 4/4
  1146 | D:2      | Noticed Jessica
  1156 | D:2      | Killed Jessica
  1234 | D:2      | Found a faded altar of an unknown god.
  1402 | D:2      | Reached skill level 5 in Armour
  1671 | D:2      | Found a runed translucent door.
  1672 | D:2      | Noticed Crazy Yiuf
  2076 | D:2      | Killed Crazy Yiuf
  2077 | D:2      | Reached skill level 5 in Fighting
  2077 | D:2      | Reached skill level 5 in Shields
  2077 | D:2      | Reached XP level 6. HP: 40/56 MP: 5/5
  2211 | D:3      | Noticed Natasha
  2215 | D:3      | Killed Natasha
  2217 | D:3      | Noticed Ijyb
  2233 | D:3      | Blown up by Ijyb

Illustrated notes

Levels and vault maps discovered:
D:1:      dpeg_arrival_simpleton_b, layout_loops_ring
D:2:      layout_loops_ring, ebering_ecumenical_altar_box, uniq_jessica,
          uniq_sigmund, uniq_crazy_yiuf_cottage
D:3:      layout_basic, marbit_many_paths, hangedman_abyss_or_decor_stabs,
          uniq_natasha, uniq_ijyb

Skill      XL: |  1  2  3  4  5 |
---------------+----------------+-----
Fighting       | 4 5 |  5.0
Armour         | 4 5 |  5.1
Long Blades    | 4 |  4.8
Shields        | 4 5 |  5.0
Dodging        | |  0.4

Action                   |  1- 3 |  4- 6 || total
-------------------------+-------+-------++-------
Melee: Long sword        |    45 |    67 ||   112
       Headbutt          |     5 |    12 ||    17
  Use: Scroll            |     1 |     1 ||     2
       Potion            |     1 |       ||     1
Armor: Scale mail        |    20 |    23 ||    43
Dodge: Dodged            |    20 |    20 ||    40
Block: Buckler           |     8 |    14 ||    22
